 Dungeon Crawl Stone Soup version 0.28-a0-1629-gf728b707aa (webtiles) character file.

Game seed: 13090101135696143004

1196 HallandMoats the Disciple of Destruction (level 8, -6/67 HPs)
             Began as a Ghoul Fighter on Jan 25, 2022.
             Was a Follower of Makhleb.
             Mangled by an ogre (32 damage)
             ... on level 6 of the Dungeon.
             The game lasted 00:07:07 (5825 turns).

HallandMoats the Disciple of Destruction (GhFi)     Turns: 5825, Time: 00:07:08

Health: -6/67      AC: 10    Str: 20    XL:     8   Next: 44%
Magic:  11/11      EV: 10    Int:  5    God:    Makhleb [*.....]
Gold:   226        SH:  4    Dex:  8    Spells: 7/7 levels left

rFire   . . .      SeeInvis .   l - +1 dagger (venom)
rCold   + . .      Faith    .   c - +0 buckler
rNeg    + + +      Spirit   .   b - +0 scale mail
rPois   ∞          Reflect  .   t - +0 helmet
rElec   .          Harm     +   k - scarf {harm}
rCorr   .          Rampage  .   (no gloves)
Will    .....                   i - +1 pair of boots
Stlth   ..........              q - amulet of the acrobat
HPRegen 0.00/turn               (no ring)
MPRegen 0.12/turn               (no ring)

@: inhibited regen
A: claws 1, cold resistance 1, negative energy resistance 3, inhibited
regeneration, torment resistance 2
a: Renounce Religion


You were on level 6 of the Dungeon.
You worshipped Makhleb.
Makhleb was aware of your devotion.
You visited 2 branches of the dungeon, and saw 7 of its levels.

You collected 254 gold pieces.
You spent 28 gold pieces at shops.

Inventory:

Hand Weapons
 a - a +0 war axe of freezing
 l - a +1 dagger of venom (weapon)
Armour
 b - a +0 scale mail (worn)
 c - a +0 buckler (worn)
 i - a +1 pair of boots (worn)
 k - a scarf of harm (worn)
 t - a +0 helmet (worn)
Jewellery
 q - an amulet of the acrobat (around neck)
 s - a ring of wizardry
Wands
 e - a wand of mindburst (7)
Scrolls
 f - 2 scrolls of identify
 j - a scroll of holy word {unknown}
 n - a scroll of amnesia {unknown}
 o - 2 scrolls of magic mapping
 u - a scroll of teleportation
 x - a scroll of fog
Potions
 d - 2 potions of might
 g - a potion of brilliance {unknown}
 h - 2 potions of mutation {unknown}
 m - a potion of flight {unknown}
 p - 2 potions of curing {unknown}
 r - 2 potions of lignification {unknown}
 v - a potion of magic {unknown}
 w - a potion of cancellation {unknown}


   Skills:
 + Level 4.9 Fighting
 * Level 4.8 Axes
 + Level 4.1 Armour
 + Level 2.6 Dodging
 - Level 4.0 Shields
 * Level 5.4 Invocations


You had 7 spell levels left.
You didn't know any spells.
Your spell library contained the following spells:

 Spells                   Type           Power      Damage    Failure   Level
 Blink                    Tloc           0%         N/A       96%         2
 Corpse Rot               Necr/Air       0%         N/A       96%         2
 Poisonous Vapours        Pois/Air       0%         N/A       96%         2
 Frozen Ramparts          Ice            0%         1d2       99%         3
 Lesser Beckoning         Tloc           0%         N/A       99%         3
 Summon Ice Beast         Ice/Summ       0%         N/A       100%        4
 Manifold Assault         Tloc           0%         N/A       100%        5
 Ice Form                 Ice/Tmut       Unusable   N/A       N/A         4

Dungeon Overview and Level Annotations

Branches:
Dungeon (6/15)             Temple (1/1) D:4

Altars:
Cheibriados
Elyvilon
Fedhas
Gozag
Kikubaaqudgha
Makhleb
Ru
Sif Muna
Trog
Uskayaw
Vehumet
Wu Jian
Xom
Yredelemnul

Shops:
D:1 ?   D:3 :[*[

Annotations:
D:3 2 transporters


Innate Abilities, Weirdness & Mutations

You thrive by killing the living.
You are immune to poison.
You have sharp fingernails.
Your flesh is cold resistant. (rC+)
You are immune to negative energy. (rN+++)
You do not regenerate when monsters are visible.
You are immune to unholy pain and torment.


Message History

You feel better.
No target in view!
No target in view!
No target in view!
No target in view!
No target in view!
No target in view!
No target in view!
No target in view!
No target in view!
No target in view!
Magic restored.
HP restored.
Found 16 stones.
Found a stone staircase leading down.
You see here 16 stones.
An ogre comes into view. It is wielding a +0 giant club.
The ogre shouts!
An ogre is nearby!
The ogre hits you with a +0 giant club!
An ice beast comes into view.
There is a stone staircase leading down here.
You barely miss the ogre. You block the ogre's attack.
You hit the ogre but do no damage.
The ogre is poisoned.
You hit the ogre.
The ogre is lightly wounded.
The ogre hits you with a +0 giant club!!
You are too injured to fight recklessly!
You are too injured to fight recklessly!
You are too injured to fight recklessly!
You are too injured to fight recklessly!
You are too injured to fight recklessly!
You are too injured to fight recklessly!
You are too injured to fight recklessly!
You are too injured to fight recklessly!
You are too injured to fight recklessly!
You hit the ogre.
The ogre is moderately wounded.
The ogre hits you with a +0 giant club!!
You die...

#..#.......#.#.#
#..#######(#.#.#
#............#.#
..#########.##.#
###
#......#.###.#
+.............
#........###. .
#.....#..###....
#.....#.@.......
...#####..O......
.... +.........
.... #.....Y...
.. #.........
#.........
#.........
#.........


You could see an ice beast and an ogre (poisoned).

Vanquished Creatures
  The ghost of Xenoroth the Chiller, an amateur MfIE (D:4)
  A black bear (D:5)
  A sky beast (D:5)
  A necrophage (D:6)
  An ogre (D:5)
  A phantom (D:5)
  2 scorpions
  2 jellies (D:5)
  A bullfrog zombie (D:5)
  A gnoll shaman (D:2)
  3 iguanas (D:5)
  An orc wizard (D:5)
  A hound skeleton (D:4)
  A howler monkey skeleton (D:4)
  7 gnolls
  5 adders
  An ufetubus (D:5)
  7 worms
  A dart slug (D:3)
  5 orcs
  11 endoplasms
  3 giant cockroaches
  14 goblins
  6 hobgoblins
  6 jackals
  4 quokkas
  8 ball pythons
  2 bats
  5 frilled lizards
  7 kobolds
  7 rats
117 creatures vanquished.

Vanquished Creatures (others)
  6 plants (D:3)
6 creatures vanquished.

Grand Total: 123 creatures vanquished

Notes
Turn   | Place    | Note
-------+----------+-------------------------------------------
     0 | D:1      | HallandMoats the Ghoul Fighter began the quest for the Orb.
     0 | D:1      | Reached XP level 1. HP: 19/19 MP: 0/0
   158 | D:1      | Reached XP level 2. HP: 26/26 MP: 1/1
   228 | D:1      | Reached skill level 1 in Invocations
   541 | D:1      | Found Xeho's Magic Scroll Shoppe.
   561 | D:1      | Reached XP level 3. HP: 31/31 MP: 1/3
  1169 | D:2      | Found a faded altar of an unknown god.
  1224 | D:2      | Reached skill level 2 in Invocations
  1345 | D:2      | Reached XP level 4. HP: 25/38 MP: 4/4
  1708 | D:2      | Found a shimmering altar of Xom.
  2034 | D:3      | Found Haseuqae's Antique Armour Emporium.
  2070 | D:3      | Found Usyll's General Store.
  2095 | D:3      | Found a transporter.
  2113 | D:3      | Found a transporter.
  2189 | D:3      | Bought a scroll of identify for 28 gold pieces
  2230 | D:3      | Found Liliturph's Armour Shop.
  2291 | D:2      | Reached XP level 5. HP: 21/46 MP: 5/5
  2461 | D:2      | Reached skill level 1 in Dodging
  2770 | D:3      | Found Fesuusiz's Book Shop.
  3182 | D:4      | Reached skill level 3 in Invocations
  3228 | D:4      | Reached XP level 6. HP: 48/52 MP: 7/7
  3351 | D:4      | Found a staircase to the Ecumenical Temple.
  3381 | Temple   | Entered the Ecumenical Temple
  3435 | Temple   | Became a worshipper of Makhleb the Destroyer
  4050 | D:4      | Found a runed translucent door.
  4051 | D:4      | Noticed Xenoroth's ghost (amateur MfIE)
  4207 | D:4      | Found a runed translucent door.
  4593 | D:4      | Killed Xenoroth's ghost
  4594 | D:4      | Reached skill level 4 in Invocations
  4594 | D:4      | Reached XP level 7. HP: 46/59 MP: 7/9
  4675 | D:5      | Entered Level 5 of the Dungeon
  4939 | D:5      | Reached * piety under Makhleb
  5024 | D:5      | Reached XP level 8. HP: 51/67 MP: 10/10
  5231 | D:5      | Reached skill level 5 in Invocations
  5825 | D:6      | Mangled by an ogre

Illustrated notes

Levels and vault maps discovered:
D:1:      mrwooster_arrival_arrow, layout_basic, serial_shops,
          nicolae_shop_statue_plus, minmay_pentomino_r2
D:2:      layout_loops_cross, hellmonk_ecumenical_altar_run_dry, basic_altar,
          st_stairs_3, nicolae_wormholes
D:3:      layout_rooms, serial_shops, nicolae_diamond_shop, nicolae_shop_trees,
          nicolae_shop_hallway_stairs, shop, gammafunk_ghost_gnarly_gnolls,
          serial_park_tiny_1, st_stairs_4
D:4:      layout_layer_cave, temple_green, ebering_ghost_sewer_f,
          kennysheep_generic_room_4
D:5:      layout_rooms
D:6:      layout_basic, uniq_eustachio, uniq_sigmund
Temple:   cyrus_circular_temple

Skill      XL: |  1  2  3  4  5  6  7  8 |
---------------+-------------------------+-----
Axes           | 2 3 4 |  4.8
Invocations    | 1 2 3 4 5 |  5.4
Shields        | 3 4 |  4.0
Armour         | 3 4 |  4.1
Dodging        | 1 2 |  2.6
Fighting       | 4 |  4.9

Action                   |  1- 3 |  4- 6 |  7- 9 || total
-------------------------+-------+-------+-------++-------
Melee: War axe           |   148 |       |       ||   148
       Dagger            |       |   214 |   151 ||   365
  Use: Scroll            |       |     6 |       ||     6
       Potion            |       |     1 |       ||     1
Armor: Scale mail        |    64 |   114 |    83 ||   261
Dodge: Dodged            |    70 |    89 |    89 ||   248
Block: Buckler           |    34 |    42 |    34 ||   110

Table legend: (Time is in decaauts)
 A = Elapsed time spent in this place.
 B = Non-inter-level travel time spent in this place.
 C = Inter-level travel time spent in this place.
 D = Time resting spent in this place.
 E = Time spent auto-exploring this place.
 F = Levels seen in this place.
 G = Mean time per level.
                   A        B        C        D        E       F      G
               +--------+--------+--------+--------+--------+-----+--------+
         Total |   5911 |   5606 |    305 |    468 |   3945 |   7 |  844.4 |
       Dungeon |   5849 |   5552 |    297 |    468 |   3903 |   6 |  974.8 |
        Temple |     62 |     54 |      8 |      0 |     42 |   1 |   62.0 |
               +--------+--------+--------+--------+--------+-----+--------+

Top non-repeatable levels by time:
     D:4: 1417 daAuts
     D:2: 1292 daAuts
     D:3: 994 daAuts
     D:1: 987 daAuts
     D:5: 976 daAuts
     D:6: 180 daAuts
  Temple: 62 daAuts
